 Dungeon Crawl Stone Soup version 0.28.0-43-g3370ac3207 (webtiles) character file.

Game seed: 3798415256947923379

145 terff the Chopper (level 5, -2/47 HPs)
             Began as a Hill Orc Fighter on Apr 1, 2022.
             Slain by an elf skeleton (4 damage)
             ... on level 4 of the Dungeon.
             The game lasted 00:03:57 (3327 turns).

terff the Chopper (Hill Orc Fighter)                Turns: 3327, Time: 00:03:58

Health: -2/47      AC:  4    Str: 19    XL:     5   Next: 27%
Magic:  0/5        EV: 11    Int: 14    God:
Gold:   118        SH:  6    Dex: 16    Spells: 1/4 levels left

rFire   . . .      SeeInvis .   a - +0 war axe
rCold   x . .      Faith    .   c - +1 buckler
rNeg    . . .      Spirit   +   h - +2 robe "Dunuwu Gyck" {rElec rC- Int+6 Dex+4}
rPois   .          Reflect  .   (no helmet)
rElec   +          Harm     .   (no cloak)
rCorr   .          Rampage  .   (no gloves)
Will    .....                   (no boots)
Stlth   ++........              e - amulet of guardian spirit
HPRegen 0.15/turn               (no ring)
MPRegen 0.09/turn               (no ring)

@: no status effects
A: no striking features
a: no special abilities


You were on level 4 of the Dungeon.
You visited 1 branch of the dungeon, and saw 4 of its levels.

You collected 118 gold pieces.

Inventory:

Hand Weapons
 a - a +0 war axe (weapon)
Armour
 b - a +0 scale mail
 c - a +1 buckler (worn)
 h - the +2 robe "Dunuwu Gyck" (worn) {rElec rC- Int+6 Dex+4}
   (You found it on level 2 of the Dungeon)

   Int:       It affects your intelligence (+6).
   Dex:       It affects your dexterity (+4).
   rC:        It makes you vulnerable to cold.
   rElec:     It insulates you from electricity.
Jewellery
 e - an amulet of guardian spirit (around neck)
Scrolls
 g - a scroll of fear {unknown}
Potions
 d - a potion of might
 f - a potion of brilliance
 i - a potion of degeneration {unknown}
 j - a potion of invisibility
 k - a potion of haste {unknown}


   Skills:
 + Level 4.5 Fighting
 + Level 4.7 Axes
 + Level 3.7 Armour
 + Level 1.1 Dodging
 + Level 0.5 Stealth
 + Level 3.9 Shields


You had one spell level left.
You knew the following spells:

 Your Spells              Type           Power      Damage    Failure   Level
a - Teleport Other        Tloc           0%         N/A       73%         3

Your spell library contained the following spells:

 Spells                   Type           Power      Damage    Failure   Level
 Gell's Gravitas          Tloc           0%         N/A       73%         3
 Alistair's Intoxication  Tmut/Pois      0%         N/A       100%        5
 Borgnjor's Vile Clutch   Necr/Erth      0%         N/A       100%        5
 Dispersal                Tloc           0%         N/A       100%        6
 Eringya's Noxious Bog    Tmut/Pois      0%         N/A       100%        6


Dungeon Overview and Level Annotations

Branches:
Dungeon (4/15)
 Temple: D:4-7

Altars:
Kikubaaqudgha
Uskayaw
Vehumet
The Shining One


Message History

The elf skeleton barely misses you.
You barely miss the elf skeleton.
The elf skeleton is lightly damaged.
The elf skeleton hits you!
You slash the elf skeleton!
The elf skeleton is moderately damaged.
The elf skeleton hits you.
You closely miss the elf skeleton.
The elf skeleton is moderately damaged.
The elf skeleton closely misses you.
You slash the elf skeleton!
The elf skeleton is moderately damaged.
The elf skeleton hits you.
You hit the elf skeleton but do no damage.
The elf skeleton is moderately damaged.
You block the elf skeleton's attack.
You hit the elf skeleton.
The elf skeleton is moderately damaged.
The elf skeleton hits you but does no damage.
You slash the elf skeleton!
The elf skeleton is heavily damaged.
The elf skeleton hits you.
* * * LOW HITPOINT WARNING * * *
You hit the elf skeleton.
The elf skeleton is heavily damaged.
The elf skeleton hits you.
* * * LOW HITPOINT WARNING * * *
You closely miss the elf skeleton.
The elf skeleton is heavily damaged.
The elf skeleton hits you but does no damage.
You slash the elf skeleton!
The elf skeleton is severely damaged.
The elf skeleton hits you.
* * * LOW HITPOINT WARNING * * *
You slash the elf skeleton!
The elf skeleton is almost destroyed.
The elf skeleton hits you.
* * * LOW HITPOINT WARNING * * *
The elf skeleton hits you.
You die...

..... ..>. .. #..# ...
#..# ...# #..#
....##..##
.........#####
........@Z...#
#.$.....####+#
#.......## #........#
#.......## #........#
###...#..#
#........########
#............##.##+#####


You could see an elf skeleton.

Vanquished Creatures
  An iguana (D:4)
  A howler monkey skeleton (D:2)
  6 adders
  3 dart slugs
  4 bats
  9 endoplasms
  3 giant cockroaches
  3 goblins
  A hobgoblin (D:3)
  4 quokkas
  4 ball pythons
  2 frilled lizards
  5 kobolds
  2 rats (D:1)
48 creatures vanquished.

Vanquished Creatures (collateral kills)
  A worm (D:3)
1 creature vanquished.

Vanquished Creatures (others)
  4 plants (D:2)
4 creatures vanquished.

Grand Total: 53 creatures vanquished

Notes
Turn   | Place    | Note
-------+----------+-------------------------------------------
     0 | D:1      | terff the Hill Orc Fighter began the quest for the Orb.
     0 | D:1      | Reached XP level 1. HP: 19/19 MP: 1/1
    98 | D:1      | Found a faded altar of an unknown god.
   408 | D:1      | Reached XP level 2. HP: 26/27 MP: 2/2
  1206 | D:2      | Reached XP level 3. HP: 33/33 MP: 3/3
  1227 | D:2      | Identified the +2 robe "Dunuwu Gyck" {rElec rC- Int+6
                  | Dex+4}
  1570 | D:2      | Found an ancient bone altar of Kikubaaqudgha.
  2324 | D:3      | Noticed a +0 falchion
  2325 | D:3      | Noticed a +0 short sword
  2325 | D:3      | Noticed a +0 short sword
  2325 | D:3      | Noticed a +0 dagger
  2326 | D:3      | Noticed a +0 dagger
  2327 | D:3      | Noticed a +0 spear
  2327 | D:3      | Noticed a +0 spear
  2330 | D:3      | Reached XP level 4. HP: 40/40 MP: 4/4
  2330 | D:3      | Noticed a +0 falchion
  2344 | D:3      | Found a hide-covered altar of Uskayaw.
  2409 | D:3      | Found a radiant altar of Vehumet.
  2439 | D:3      | Learned a level 3 spell: Teleport Other
  2847 | D:3      | Found a glowing golden altar of the Shining One.
  3255 | D:4      | Reached skill level 1 in Dodging
  3255 | D:4      | Reached XP level 5. HP: 42/47 MP: 3/5
  3327 | D:4      | HP: 2/47 [elf skeleton (4)]
  3327 | D:4      | Slain by an elf skeleton

Illustrated notes

Levels and vault maps discovered:
D:1:      lightli_arrival_flooded_house, layout_basic,
          shapermc_ecumenical_altar_flowoftime, serial_park_tiny_2
D:2:      layout_loops_corners, basic_altar, chequers_big_river,
          amcnicky_mini_rare_corridor_liquid
D:3:      layout_basic, nicolae_uskayaw_en_pointe, nicolae_tso_carved_into_rock,
          mainiacjoe_overflow_small_starburst, hangedman_decor_growths,
          minmay_strange_pillars
D:4:      layout_basic, nicolae_ossuary_entry_catacombs,
          gammafunk_ghost_nasty_kobolds, serial_shops, shop,
          nicolae_shop_advertising_works [nicolae_subvault_shop_adworks], shop,
          nicolae_wormholes, uniq_natasha, uniq_blork_the_orc, uniq_menkaure

Skill      XL: |  1  2  3  4 |
---------------+-------------+-----
Fighting       | 4 |  4.5
Axes           | 3 4 |  4.7
Dodging        | 1 |  1.1
Armour         | |  3.7
Stealth        | |  0.5
Shields        | |  3.9

Action                   |  1- 3 |  4- 6 || total
-------------------------+-------+-------++-------
Melee: War axe           |    81 |    62 ||   143
  Use: Scroll            |     4 |     1 ||     5
 Stab: Sleeping          |     1 |     1 ||     2
Armor: Scale mail        |    37 |       ||    37
       Robe              |     6 |    15 ||    21
Dodge: Dodged            |    26 |    26 ||    52
Block: Buckler           |    26 |    16 ||    42
